 Dungeon Crawl Stone Soup version 0.30-a0-989-g0d87f670db (webtiles) character file.

Game seed: 16331327413791387652

961 Juicyj the Trooper (level 7, -6/63 HPs)
             Began as a Minotaur Fighter on Apr 3, 2023.
             Was a Believer of Okawaru.
             Mangled by Duvessa
             ... wielding a +4 rapier of venom
              (10 damage)
             ... on level 4 of the Dungeon.
             The game lasted 00:06:42 (2879 turns).

Juicyj the Trooper (Minotaur Fighter)               Turns: 2879, Time: 00:06:43

Health: -6/63      AC:  8    Str: 22    XL:     7   Next: 92%
Magic:  6/6        EV: 10    Int:  5    God:    Okawaru [**....]
Gold:   187        SH:  8    Dex: 16    Spells: 6/6 levels left

rFire   . . .      SeeInvis .    a - +5 war axe
rCold   . . .      Faith    .    m - +2 buckler
rNeg    . . .      Spirit   .    u - +3 leather armour
rPois   .          Reflect  .    (helmet unavailable)
rElec   .          Rampage  .    (no cloak)
rCorr   .          Rage     3%   (no gloves)
Will    .....                    (no boots)
Stlth   +                        h - amulet of the acrobat
HPRegen 0.30/turn                k - +6 ring of dexterity
MPRegen 0.10/turn                (no ring)

@: lethally poisoned (-6 -> -24)
A: horns 3, retaliatory headbutt, iridescent scales 1, berserk 1
a: Renounce Religion, Heroism


You were on level 4 of the Dungeon.
You worshipped Okawaru.
Okawaru was pleased with you.
You visited 1 branch of the dungeon, and saw 4 of its levels.
You also visited: Sewer.

You collected 187 gold pieces.

Inventory:

Hand Weapons
 a - a +5 war axe (weapon)
Missiles
 j - 16 poisoned darts (quivered)
Armour
 b - a +0 scale mail
 c - a +0 buckler
 m - a +2 buckler (worn)
 u - a +3 leather armour (worn)
Jewellery
 h - an amulet of the acrobat (around neck)
 k - a +6 ring of dexterity (left hand)
 p - a ring of ice
Wands
 t - a wand of mindburst (19)
Scrolls
 g - a scroll of fog {unknown}
 l - 2 scrolls of amnesia
 o - a scroll of poison
 s - a scroll of teleportation
 v - a scroll of identify
Potions
 d - 2 potions of might
 e - a potion of brilliance
 i - a potion of invisibility
 n - a potion of haste


   Skills:
 + Level 6.2 Fighting
 + Level 5.6 Axes
 + Level 3.0 Throwing
 + Level 6.2 Armour
 + Level 6.1 Shields


You had 6 spell levels left.
You didn't know any spells.
Your spell library contained the following spells:

 Spells                   Type           Power      Damage    Failure   Level
 Beastly Appendage        Tmut           0%         N/A       61%         1
 Wereblood                Tmut           0%         N/A       75%         2
 Ignite Poison            Fire/Tmut/Pois 0%         N/A       93%         3
 Kindle Blastsparks       Fire/Tloc/Air  0%         2d10      93%         3
 Spider Form              Tmut/Pois      0%         N/A       93%         3
 Freezing Cloud           Conj/Ice/Air   0%         6-21      100%        5


Dungeon Overview and Level Annotations

Branches:
Dungeon (4/15)              Sewer (visited)
 Temple: D:4-7

Altars:
Elyvilon
Okawaru
Uskayaw
Yredelemnul

Shops:
D:1 *

Annotations:
D:4 Duvessa


Innate Abilities, Weirdness & Mutations

You have a pair of large horns on your head.
You reflexively headbutt those who attack you in melee.
You are partially covered in iridescent scales. (AC +2)
You sometimes lose your temper in combat.


Message History

Duvessa looks even sicker.
Duvessa is lightly wounded.
Duvessa is no longer blind.
You slash Duvessa! You headbutt Duvessa!
Duvessa is heavily wounded.
Duvessa hits you with a +4 rapier of venom! x2
You are poisoned.
You hit Duvessa.
Duvessa is heavily wounded.
You feel very sick.
Duvessa hits you with a +4 rapier of venom! x2
* * * LOW HITPOINT WARNING * * *
You are lethally poisoned!
You are too injured to fight recklessly!
You are too injured to fight recklessly!
You are too injured to fight recklessly!
Unknown command.
You are too injured to fight recklessly!
You are too injured to fight recklessly!
You are too injured to fight recklessly!
You feel much better.
You feel extremely sick.
Duvessa hits you with a +4 rapier of venom!!
* * * LOW HITPOINT WARNING * * *
You are more poisoned.
Duvessa hits you with a +4 rapier of venom!
* * * LOW HITPOINT WARNING * * *
You are more poisoned.
You feel much better.
* * * LOW HITPOINT WARNING * * *
You feel extremely sick.
Duvessa hits you with a +4 rapier of venom.
* * * LOW HITPOINT WARNING * * *
You are more poisoned.
It was a potion of curing.
You feel better.
Duvessa hits you with a +4 rapier of venom!
* * * LOW HITPOINT WARNING * * *
You are lethally poisoned!
Duvessa hits you with a +4 rapier of venom!
You die...

....## .....8
.....# 8...8# ##_##
# ### ##########.
..# #.##..#.#.#
#.## #.......#.#
###..###
####@.....#
##.......
#..e...†###..#...#.
#...(...##...~~~~~.
#.......##.#~~~~~~~
#...(.(.)...~~~~~~~
#....(.†#...~~~.~~~
#.......##.~~~~~~÷~
#.....()##.#~~~~~~~
#####........~~~~~.


You could see Duvessa (berserk, poisoned).

Vanquished Creatures
  Grinder (Sewer)
  Sigmund (D:3)
  2 kobold brigands (Sewer)
  A scorpion (D:4)
  Dowan (D:4)
  A quasit (Sewer)
  A hound (D:3)
  Crazy Yiuf (D:3)
  Jessica (D:3)
  2 adders (D:2)
  7 gnolls
  3 shadow imps (Sewer)
  6 ufetubi (Sewer)
  2 dart slugs
  A worm (D:2)
  5 orcs
  A bat zombie (Sewer)
  14 endoplasms
  8 giant cockroaches
  12 goblins
  11 hobgoblins
  4 jackals
  12 kobolds
  3 quokkas
  10 ball pythons
  6 bats
  5 frilled lizards
  5 rats
127 creatures vanquished.

Vanquished Creatures (others)
  A kobold zombie (Sewer)
1 creature vanquished.

Grand Total: 128 creatures vanquished

Notes
Turn   | Place    | Note
-------+----------+-------------------------------------------
     0 | D:1      | Juicyj the Minotaur Fighter began the quest for the Orb.
     0 | D:1      | Reached XP level 1. HP: 19/19 MP: 0/0
    28 | D:1      | Found Xacoidgh's Assorted Antiques.
   101 | D:1      | Reached XP level 2. HP: 25/27 MP: 1/1
   226 | D:1      | Reached XP level 3. HP: 24/33 MP: 2/2
   782 | D:2      | Gained mutation: You sometimes lose your temper in combat.
                  | [potion of mutation]
   782 | D:2      | Gained mutation: You have a pair of large horns on your
                  | head. [potion of mutation]
   782 | D:2      | Gained mutation: You are partially covered in iridescent
                  | scales. (AC +2) [potion of mutation]
   859 | D:2      | Reached XP level 4. HP: 41/41 MP: 3/3
  1238 | D:2      | Found a basalt altar of Yredelemnul.
  1459 | D:3      | Noticed Jessica
  1469 | D:3      | Killed Jessica
  1573 | D:3      | Reached XP level 5. HP: 47/47 MP: 4/4
  1591 | D:3      | Found a hide-covered altar of Uskayaw.
  1622 | D:3      | Found a faded altar of an unknown god.
  1634 | D:3      | Prayed at the altar of an unknown god.
  1634 | D:3      | Became a worshipper of Warmaster Okawaru
  1634 | D:3      | Reached * piety under Okawaru
  1851 | D:3      | Noticed Sigmund
  1858 | D:3      | Killed Sigmund
  1859 | D:3      | Reached skill level 5 in Fighting
  1859 | D:3      | Reached skill level 1 in Throwing
  1859 | D:3      | Reached skill level 5 in Armour
  1859 | D:3      | Reached skill level 5 in Shields
  1859 | D:3      | Reached XP level 6. HP: 44/56 MP: 5/5
  2061 | D:3      | Found a runed translucent door.
  2062 | D:3      | Noticed Crazy Yiuf
  2069 | D:3      | Killed Crazy Yiuf
  2215 | D:4      | Found a glowing drain.
  2244 | D:4      | Reached ** piety under Okawaru
  2252 | Sewer    | Entered a sewer
  2405 | Sewer    | Reached XP level 7. HP: 47/61 MP: 6/6
  2459 | Sewer    | Found a burning altar of Makhleb.
  2472 | Sewer    | Reached skill level 5 in Axes
  2473 | Sewer    | Noticed Grinder
  2483 | Sewer    | Killed Grinder
  2837 | D:4      | Noticed Dowan
  2838 | D:4      | Found a white marble altar of Elyvilon.
  2848 | D:4      | Killed Dowan
  2868 | D:4      | Noticed Duvessa
  2877 | D:4      | HP: 2/63 [Duvessa/+4 rapier of venom (14)]
  2879 | D:4      | Mangled by Duvessa

Illustrated notes

Levels and vault maps discovered:
D:1:      shiori_arrival_oz, layout_basic, serial_shops,
          nicolae_shop_overgrown_old_shop, minmay_pentomino_w4
D:2:      minmay_recursive_quarters, layout_rooms, basic_altar
D:3:      layout_rooms, nicolae_uskayaw_dance_hall,
          chequers_ecumenical_altar_simple, columned_hall_lemuel, uniq_jessica,
          uniq_sigmund, uniq_crazy_yiuf_cottage
D:4:      layout_loops_cross, nicolae_overflow_hidden_temple,
          cheibrodos_sewer_entry_drain, uniq_duvessa, uniq_pikel, uniq_edmund

Skill      XL: |  1  2  3  4  5  6  7 |
---------------+----------------------+-----
Fighting       | 4 5 6 |  6.2
Shields        | 4 5 6 |  6.1
Armour         | 4 5 6 |  6.2
Axes           | 3 4 5 |  5.6
Throwing       | 1 2 3 |  3.0

Action                     |  1- 3 |  4- 6 |  7- 9 || total
---------------------------+-------+-------+-------++-------
  Melee: War axe           |    56 |    99 |    31 ||   186
         Headbutt          |     6 |    10 |    10 ||    26
  Throw: Dart              |       |     3 |     6 ||     9
 Invoke: Heroism           |       |       |     1 ||     1
    Use: Scroll            |     5 |     6 |       ||    11
         Potion            |     3 |     4 |     3 ||    10
 Armour: Scale mail        |    18 |    33 |       ||    51
         Leather armour    |       |    10 |    22 ||    32
  Dodge: Dodged            |    26 |    52 |    25 ||   103
  Block: Buckler           |     9 |    42 |    22 ||    73

Table legend: (Time is in decaauts)
 A = Elapsed time spent in this place.
 B = Non-inter-level travel time spent in this place.
 C = Inter-level travel time spent in this place.
 D = Time resting spent in this place.
 E = Time spent auto-exploring this place.
 F = Levels seen in this place.
 G = Mean time per level.
                   A        B        C        D        E       F      G
               +--------+--------+--------+--------+--------+-----+--------+
         Total |   2963 |   2872 |     91 |    151 |   2045 |   5 |  592.6 |
       Dungeon |   2370 |   2279 |     91 |     79 |   1676 |   4 |  592.5 |
         Sewer |    593 |    593 |      0 |     72 |    368 |   1 |  593.0 |
               +--------+--------+--------+--------+--------+-----+--------+

Top non-repeatable levels by time:
     D:3: 818 daAuts
     D:1: 787 daAuts
     D:2: 643 daAuts
   Sewer: 593 daAuts
     D:4: 120 daAuts
